 Dungeon Crawl Stone Soup version 0.21.1-1-g345015f (webtiles) character file.

83 Supreme the Magician (level 4, -6/24 HPs)
             Began as a Deep Elf Wizard on Apr 25, 2018.
             Killed from afar by an orc wizard (7 damage)
             ... with a magic dart
             ... on level 2 of the Dungeon.
             The game lasted 00:12:32 (1390 turns).

Supreme the Magician (Deep Elf Wizard)              Turns: 1390, Time: 00:12:33

Health: -6/24      AC:  4    Str:  4    XL:     4   Next: 22%
Magic:  0/14       EV: 13    Int: 24    God:
Gold:   150        SH:  0    Dex: 13    Spells: 2/15 levels left

rFire    . . .     SeeInvis .   t - +0 dagger (elec)
rCold    . . .     Gourm    .   (no shield)
rNeg     . . .     Faith    .   a - +0 robe
rPois    .         Spirit   .   b - +0 hat
rElec    .         Reflect  .   q - +0 cloak
rCorr    .         Harm     .   (no gloves)
MR       .....                  f - +0 pair of boots
Stlth    ++........             (no amulet)
HPRegen  0.08/turn              (no ring)
MPRegen  0.14/turn              (no ring)

@: no status effects
A: no striking features
a: no special abilities


You were on level 2 of the Dungeon.
You were not hungry.

You visited 1 branch of the dungeon, and saw 2 of its levels.

You collected 150 gold pieces.

Inventory:

Hand Weapons
 n - a +0 spear
 t - a +0 dagger of electrocution (weapon)
Missiles
 i - 20 arrows
 l - 2 throwing nets (quivered)
 o - 47 stones
Armour
 a - a +0 robe (worn)
 b - a +0 hat (worn)
 f - a +0 pair of boots (worn)
 q - a +0 cloak (worn)
Scrolls
 h - 3 scrolls of teleportation {unknown}
 j - a scroll of fear {unknown}
 r - a scroll of enchant weapon {unknown}
 u - a scroll of magic mapping {unknown}
 v - a scroll of immolation {unknown}
Potions
 g - a potion of curing {unknown}
 k - a potion of heal wounds {unknown}
 m - a potion of lignification {unknown}
 p - 2 potions of flight {unknown}
Books
 c - a book of Minor Magic

   Spells                             Type                      Level
   a - Magic Dart                     Conjuration                  1
   b - Blink                          Translocation                2
   c - Call Imp                       Summoning                    2
   d - Slow                           Hexes                        2
   e - Conjure Flame                  Conjuration/Fire             3
   f - Mephitic Cloud                 Conjuration/Poison/Air       3
Comestibles
 d - 4 rations
 s - 11 chunks of flesh


   Skills:
 + Level 0.1 Short Blades
 + Level 3.0 Dodging
 + Level 2.8 Stealth
 + Level 6.0 Spellcasting
 + Level 2.2 Conjurations
 + Level 1.1 Summonings
 + Level 1.1 Translocations


You had 2 spell levels left.
You knew the following spells:

 Your Spells              Type           Power        Failure   Level  Hunger
a - Magic Dart            Conj           ###.         3%          1    None
b - Blink                 Tloc           N/A          8%          2    None
c - Call Imp              Summ           ##......     8%          2    None
d - Slow                  Hex            #.......     12%         2    None
e - Conjure Flame         Conj/Fire      ##......     16%         3    #......
f - Mephitic Cloud        Conj/Pois/Air  ##......     17%         3    #......


Dungeon Overview and Level Annotations

Branches:
Dungeon (2/15)

Altars:


Message History

The magic dart hits the orc wizard.
The orc wizard is moderately wounded.
The orc wizard closely misses you.
You completely miss the orc wizard.
The orc wizard is moderately wounded.
The orc wizard closely misses you. The orc wizard barely misses you.
You closely miss the orc wizard.
The orc wizard is moderately wounded.
The orc wizard completely misses you.
You barely miss the orc wizard.
The orc wizard is moderately wounded.
The orc wizard hits you but does no damage.
The orc wizard hits you with a dagger.
* * * LOW HITPOINT WARNING * * *
Unknown command.
You hit the orc wizard.
The orc wizard is heavily wounded.
The orc wizard points at you and mumbles some strange words.
The magic dart hits you!
You die...

#####.# #.#......####..# #>#
#.......<......# #####.#
#.#......###...# ...##.#
#........##....# ##.##.#
#####.#........####### ##.##.#
#.#............... .))...#
#.######.######### ##o#### #.#
#.# #.# #######@# #.# ##.#
#...<.o.# ##+## # #..# #.#######
##...## ## #.## #.#### ##.....##
#. #.# #.##.## ##.......## #.
..########.#...####..†......####.
.....o............'.........'....
..######.#.#..)####.........####.
#.# #.#.##..#####.......## ##


You could see an orc wizard.

Vanquished Creatures
  An adder (D:2)
  An ooze (D:2)
  2 worms (D:2)
  A dart slug (D:2)
  An orc (D:2)
  4 bats
  3 giant cockroaches
  7 goblins
  4 hobgoblins
  A frilled lizard (D:2)
  7 kobolds
  5 rats
37 creatures vanquished.

Vanquished Creatures (collateral kills)
  An orc wizard (D:2)
  A gnoll (D:1)
  2 orcs (D:2)
4 creatures vanquished.

Grand Total: 41 creatures vanquished

Notes
Turn   | Place    | Note
-------+----------+-------------------------------------------
     0 | D:1      | Supreme the Deep Elf Wizard began the quest for the Orb.
     0 | D:1      | Reached XP level 1. HP: 10/10 MP: 7/7
   112 | D:1      | Reached skill level 5 in Spellcasting
   135 | D:1      | Reached XP level 2. HP: 15/15 MP: 5/10
   140 | D:1      | Learned a level 2 spell: Blink
   147 | D:1      | Learned a level 2 spell: Call Imp
   150 | D:1      | Learned a level 2 spell: Slow
   741 | D:2      | Reached XP level 3. HP: 19/19 MP: 8/12
   991 | D:2      | Learned a level 3 spell: Conjure Flame
   995 | D:2      | Learned a level 3 spell: Mephitic Cloud
  1261 | D:2      | Reached XP level 4. HP: 19/24 MP: 9/13
  1263 | D:2      | Reached skill level 6 in Spellcasting
  1389 | D:2      | HP: 1/24 [orc wizard/dagger (6)]
  1390 | D:2      | Killed from afar by an orc wizard

Skill      XL: |  1  2  3  4 |
---------------+-------------+-----
Spellcasting   | 5 6 |  6.0
Dodging        | 3 |  3.0
Conjurations   | 2 |  2.2
Short Blades   | |  0.1
Stealth        | |  2.8
Summonings     | |  1.1
Translocations | |  1.1

Action                   |  1- 3 |  4- 6 || total
-------------------------+-------+-------++-------
Melee: Dagger            |     7 |     8 ||    15
       Spear             |    10 |       ||    10
 Cast: Magic Dart        |    78 |     7 ||    85
       Call Imp          |     2 |     2 ||     4
       Conjure Flame     |     1 |     4 ||     5
 Stab: Sleeping          |     2 |       ||     2
  Eat: Chunk             |     1 |       ||     1
Armor: Robe              |     2 |     1 ||     3
Dodge: Dodged            |    11 |     5 ||    16
